 Dungeon Crawl Stone Soup version 0.30.1-11-g7821555f0a (webtiles) character file.

Game seed: 9595119419046843562

394 lonewolfV2 the Trooper (level 7, -6/58 HPs)
             Began as a Formicid Fighter on Dec 11, 2023.
             Killed by divine providence
             ... invoked by an orc priest
              (9 damage)
             ... on level 3 of the Dungeon.
             The game lasted 00:04:50 (2271 turns).

lonewolfV2 the Trooper (Formicid Fighter)           Turns: 2271, Time: 00:04:50

Health: -6/58      AC: 10    Str: 20    XL:     7   Next: 8%
Magic:  7/7        EV:  6    Int:  8    God:
Gold:   93         SH: 10    Dex: 15    Spells: 6/6 levels left

rFire   . . .        a - +0 war axe
rCold   . . .        i - +1 kite shield
rNeg    . . .        j - +0 chain mail
rPois   .            (helmet unavailable)
rElec   .            (no cloak)
rCorr   .            g - +0 pair of gloves
SInv    +            (no boots)
Will    .....        (no amulet) Stlth
                     (no ring)
HPRegen 0.29/turn    (no ring)
MPRegen 0.10/turn

%: no passive effects
@: mighty, studying Stealth
A: permanent stasis, dig shafts and tunnels, antennae 3, four strong arms
a: Dig, Shaft Self


You were on level 3 of the Dungeon.
You visited 1 branch of the dungeon, and saw 3 of its levels.

You collected 93 gold pieces.

Inventory:

Hand Weapons
 a - a +0 war axe (weapon)
Armour
 g - a +0 pair of gloves (worn)
 i - a +1 kite shield (worn)
 j - a +0 chain mail (worn)
Jewellery
 b - a +6 ring of strength
Scrolls
 e - a scroll of acquirement {unknown}
 f - 2 scrolls of identify
Potions
 c - 3 potions of berserk rage
 h - a potion of brilliance


   Skills:
 + Level 6.2 Fighting
 + Level 5.1 Axes
 - Level 3.2 Armour
 - Level 4.0 Shields


You had 6 spell levels left.
You didn't know any spells.
Your spell library contained the following spells:

 Spells                   Type           Power      Damage    Failure   Level
 Sandblast                Erth           0%         2d4       100%        1
 Passwall                 Tmut/Erth      0%         N/A       100%        2
 Hailstorm                Conj/Ice       0%         3d3       100%        3
 Stone Arrow              Conj/Erth      0%         3d7       100%        3
 Ice Form                 Ice/Tmut       0%         N/A       100%        4
 Manifold Assault         Tloc           0%         N/A       100%        4
 Summon Forest            Summ/Tloc      0%         N/A       100%        5
 Summon Mana Viper        Hex/Summ       0%         N/A       100%        5
 Simulacrum               Ice/Necr       0%         N/A       100%        6
 Summon Cactus Giant      Summ           0%         N/A       100%        6
 Storm Form               Tmut/Air       0%         N/A       100%        7
 Blink                    Tloc           Unusable   N/A       N/A         2

Dungeon Overview and Level Annotations

Branches:
Dungeon (3/15)

Altars:
Vehumet

Shops:
D:1 ([*


Innate Abilities, Weirdness & Mutations

You cannot be hasted, slowed, berserked, paralysed or teleported.
You can dig through walls and to a lower floor.
You have a pair of large antennae on your head. (SInv)
Your four strong arms can wield two-handed weapons with a shield.


Message History

You block the orc's attack.
You slash the orc!
You kill the orc!
The orc priest hits you but does no damage.
Your Fighting skill increases to level 6!
You slice the orc priest!!
You kill the orc priest!
Your Axes skill increases to level 5!
Unknown command.
You barely miss the orc priest. You block the orc priest's attack.
The orc priest mumbles some strange prayers to Beogh against you.
Beogh smites you!
* * * LOW HITPOINT WARNING * * *
The orc priest looks encouraged for a moment.
You closely miss the orc priest. The orc priest barely misses you.
You hit the orc priest but do no damage.
The orc priest hits you with a +0 short sword.
* * * LOW HITPOINT WARNING * * *
You barely miss the orc priest.
The orc priest hits you with a +0 short sword.
* * * LOW HITPOINT WARNING * * *
The orc priest casts a cantrip, but nothing happens.
The orc priest closely misses you.
Unknown command.
Okay, then.
You slash the orc priest!
You kill the orc priest!
You have reached level 7!
You closely miss the orc. You block the orc's attack.
You barely miss the orc. You block the orc's attack.
The orc hits you but does no damage.
You slice the orc!!
You kill the orc!
Unknown command.
You slash the orc priest!
The orc priest is almost dead.
The orc priest closely misses you.
The orc priest invokes the aid of Beogh against you.
Beogh smites you!
You die...

##.##. #. ..#####.##. . #
........... .#.
..#####'### ### #.#
##...## .[.. #.###
##.....# .... #.#.##
#.......
..##..####....####........
........o@.......'........
.o##..####....####........
#. #.......##....... ..
#.#####.###.....# ##
#.....#.# ##...##
#.###.#.# ##'## #.# #.#.#
#.# #.###.#.# #.#
#.......#####.##


You could see an orc priest.

Vanquished Creatures
  Grinder (D:3)
  2 orc priests (D:3)
  Jessica (D:2)
  An orc wizard (D:3)
  3 adders (D:2)
  A worm (D:2)
  4 dart slugs
  8 orcs
  3 ball pythons
  5 bats
  5 endoplasms
  2 goblins
  2 hobgoblins (D:1)
  3 jackals (D:1)
  2 quokkas (D:1)
  5 frilled lizards
  3 kobolds
  A rat (D:2)
52 creatures vanquished.

Vanquished Creatures (others)
  A bat (D:2)
1 creature vanquished.

Grand Total: 53 creatures vanquished

Notes
Turn   | Place    | Note
-------+----------+-------------------------------------------
     0 | D:1      | lonewolfV2 the Formicid Fighter began the quest for the
                  | Orb.
     0 | D:1      | Reached XP level 1. HP: 18/18 MP: 1/1
   102 | D:1      | Reached XP level 2. HP: 24/24 MP: 2/2
   140 | D:1      | Found Asseoggi's Weapon Shop.
   179 | D:1      | Found Kipsaojul's Assorted Antiques.
   394 | D:1      | Found Ecwesm's Armour Shoppe.
   664 | D:1      | Reached XP level 3. HP: 30/30 MP: 3/3
   785 | D:2      | Reached skill level 4 in Fighting
  1018 | D:2      | Reached XP level 4. HP: 38/38 MP: 4/4
  1172 | D:2      | Noticed Jessica
  1196 | D:2      | Killed Jessica
  1197 | D:2      | Reached XP level 5. HP: 31/43 MP: 5/5
  1486 | D:3      | Found a radiant altar of Vehumet.
  1714 | D:3      | Found a faded altar of an unknown god.
  1787 | D:3      | Reached skill level 5 in Fighting
  1800 | D:3      | Noticed Grinder
  1821 | D:3      | Killed Grinder
  1822 | D:3      | Reached XP level 6. HP: 20/52 MP: 6/6
  2262 | D:3      | Reached skill level 6 in Fighting
  2263 | D:3      | Reached skill level 5 in Axes
  2266 | D:3      | HP: 1/52 [orc priest/+0 short sword (2)]
  2268 | D:3      | Reached XP level 7. HP: 2/58 MP: 7/7
  2271 | D:3      | Killed from afar by an orc priest

Illustrated notes

Levels and vault maps discovered:
D:1:      giann_wishing_wells, layout_loops_ring, serial_shops,
          nicolae_shop_overgrown_old_shop, shop_fountains, shop
D:2:      layout_basic, hangedman_decor_clover_reticule,
          chequers_serial_rivers_micro_e, feat_on_display, uniq_jessica
D:3:      layout_loops_corners, mainiacjoe_overflow_concentric_impassable,
          hellmonk_ecumenical_altar_defaced_shrine, minmay_cut_off,
          uniq_grinder, uniq_natasha, uniq_sigmund

Skill      XL: |  1  2  3  4  5  6 |
---------------+-------------------+-----
Fighting       | 4 5 6 |  6.2
Axes           | 3 4 5 |  5.1
Armour         | |  3.2
Shields        | |  4.0

Action                     |  1- 3 |  4- 6 |  7- 9 || total
---------------------------+-------+-------+-------++-------
  Melee: War axe           |    94 |    77 |     4 ||   175
    Use: Scroll            |     4 |     2 |       ||     6
         Potion            |       |     2 |       ||     2
 Armour: Scale mail        |    38 |    11 |       ||    49
         Chain mail        |       |    18 |     1 ||    19
  Dodge: Dodged            |    39 |    28 |     1 ||    68
  Block: Buckler           |    13 |       |       ||    13
         Kite shield       |    42 |    44 |     2 ||    88
